 Dungeon Crawl Stone Soup version 0.22.1-6-g1668fe2c40 (webtiles) character file.

112 Kohma the Ruffian (level 4, 0/36 HPs)
             Began as a Draconian Transmuter on Jan 24, 2019.
             Slain by Duvessa
             ... wielding a cursed -2 short sword
              (3 damage)
             ... on level 4 of the Dungeon.
             The game lasted 00:07:42 (2988 turns).

Kohma the Ruffian (Draconian Transmuter)            Turns: 2988, Time: 00:07:42

Health: 0/36       AC:  5    Str: 12    XL:     4   Next: 63%
Magic:  1/8        EV: 12    Int: 15    God:
Gold:   288        SH:  0    Dex: 11    Spells: 5/8 levels left

rFire    + . .     SeeInvis .     - Unarmed
rCold    . . .     Gourm    .   (no shield)
rNeg     . . .     Faith    .   (armour unavailable)
rPois    .         Spirit   .   m - +0 hat
rElec    .         Reflect  .   (no cloak)
rCorr    .         Harm     .   (no gloves)
MR       .....                  (boots currently unavailable)
Stlth    +.........             (no amulet)
HPRegen  0.12/turn              b - ring of protection from fire
MPRegen  0.11/turn              (no ring)

@: about to teleport, appendage (expiring), very slightly contaminated, drained
A: unfitting armour, talons 3, cold-blooded, AC +5
a: End Transformation


You were on level 4 of the Dungeon.
You were hungry.
You had grown temporary talons.
You visited 1 branch of the dungeon, and saw 5 of its levels.

You collected 288 gold pieces.

Inventory:

Hand Weapons
 a - a +1 hunting sling
 e - a +0 hunting sling
Missiles
 q - 46 arrows
 r - a throwing net (quivered)
Armour
 m - a +0 hat (worn)
Jewellery
 b - a ring of protection from fire (left hand)
 l - an uncursed ring of see invisible
Potions
 f - 2 potions of mutation {unknown}
 k - 3 potions of curing {unknown}
 n - a potion of haste {unknown}
 o - 2 potions of flight {unknown}
 p - a potion of lignification {unknown}
 t - a potion of degeneration {unknown}
Comestibles
 c - 7 rations


   Skills:
 + Level 2.3(2.1) Fighting
 - Level 1.7(1.6) Dodging
 + Level 3.5(3.4) Unarmed Combat
 + Level 2.6(2.5) Spellcasting
 * Level 3.5(3.3) Transmutations


You had 5 spell levels left.
You knew the following spells:

 Your Spells              Type           Power        Failure   Level  Hunger
a - Beastly Appendage     Tmut           ##....       5%          1    #......
b - Sticks to Snakes      Tmut           ##......     9%          2    ###....

Your spell library contained the following spells:

 Spells                   Type           Power        Failure   Level  Hunger
 Spider Form              Tmut/Pois      #.........   32%         3    ###....
 Ice Form                 Ice/Tmut       #.......     71%         4    #####..
 Blade Hands              Tmut           ##........   83%         5    ######.


Dungeon Overview and Level Annotations

Branches:
Dungeon (5/15)
 Temple: D:4-7

Altars:

Annotations:
D:4 Dowan, Duvessa


Innate Abilities, Weirdness & Mutations

Your plain brown scales are hard. (AC +5)
You cannot fit into any form of body armour.
You are cold-blooded and may be slowed by cold attacks.
You have claws for feet.


Message History

Duvessa hits you with a short sword.
* * * LOW HITPOINT WARNING * * *
As you read the scroll labeled HEREDY HAFOGI, it crumbles to dust.
It is a scroll of amnesia.
Okay, then.
Your transformation is almost over.
Duvessa misses you.
The scorpion stings you but does no damage.
Dowan hits you with a dagger.
* * * LOW HITPOINT WARNING * * *
Unknown command.
As you read the scroll labeled BAROGRUICI, it crumbles to dust.
It is a scroll of enchant weapon.
Your hunting sling glows red for a moment.
Duvessa hits you but does no damage. The scorpion closely misses you.
Dowan hits you but does no damage. Duvessa barely misses you.
As you read the scroll labeled CAB AQOOPUNA, it crumbles to dust.
You feel strangely unstable.
It was a scroll of teleportation.
Duvessa hits you with a short sword.
You die...

,+,,,,*,,,,,,*,,,,,,*
,*,,,,*,,,,,,*,.....*
,*,,,,*,,,,,,*,....,*
,*,,,,*,,,,,,*,....,*
,***,**********#..#***#
****,***,.######.$###.##
,,,,,,,,,...>...?......#
,,,,,,,,,........s.....#
,,,,,,,,,.......@e.....#
,,,,,,,,,........e.....#
,***,***,###..##..##..##
,***,***,**#.,*#..#*,.#*
,*,,,,,,,*..,,,....,,,,*
,*,,,,,,,#.,,,,.....,,,*
,+,,,,,,,#,,,,,.....,,,*
,*,,,,,,,*,,,,.......,,*
,*,,,,,,,*,,,,,,,,,,,,,*


You could see Duvessa, Dowan and a scorpion.

Vanquished Creatures
  An adder (D:2)
  A shadow imp (D:5)
  An ooze (D:2)
  A worm (D:2)
  A dart slug (D:1)
  3 leopard geckos (D:1)
  An orc (D:3)
  A ball python (D:1)
  4 bats
  A giant cockroach (D:3)
  5 goblins
  8 hobgoblins
  9 jackals
  13 kobolds
  A frilled lizard (D:1)
  A jackal zombie (D:5)
  5 rats
57 creatures vanquished.

Vanquished Creatures (collateral kills)
  2 adders
  3 hobgoblins
  A jackal (D:2)
  2 kobolds
  A quokka (D:3)
  A frilled lizard (D:3)
10 creatures vanquished.

Grand Total: 67 creatures vanquished

Notes
Turn   | Place    | Note
-------+----------+-------------------------------------------
     0 | D:1      | Kohma the Draconian Transmuter began the quest for the Orb.
     0 | D:1      | Reached XP level 1. HP: 16/16 MP: 3/3
    70 | D:1      | Reached XP level 2. HP: 4/23 MP: 3/5
   439 | D:1      | Learned a level 2 spell: Sticks to Snakes
   788 | D:1      | Reached XP level 3. HP: 26/29 MP: 6/6
  1612 | D:2      | Found a faded altar of an unknown god.
  1655 | D:2      | Reached XP level 4. HP: 17/36 MP: 1/7
  2727 | D:3      | You fall through a shaft for 2 floors!
  2727 | D:5      | Entered Level 5 of the Dungeon
  2970 | D:4      | Noticed Dowan
  2970 | D:4      | Noticed Duvessa
  2988 | D:4      | Slain by Duvessa

Skill      XL: |  1  2  3 |
---------------+----------+-----
Fighting       | 2 |  2.3
Transmutations | 3 |  3.5
Dodging        | |  1.7
Unarmed Combat | |  3.5
Spellcasting   | |  2.6

Action                   |  1- 3 |  4- 6 || total
-------------------------+-------+-------++-------
Melee: Unarmed           |   125 |    71 ||   196
       Tailslap          |    13 |     7 ||    20
       Kick              |     7 |     8 ||    15
       Headbutt          |     5 |     3 ||     8
 Cast: Beastly Appendage |    17 |    10 ||    27
       Sticks to Snakes  |    12 |     7 ||    19
  Use: Scroll            |       |     5 ||     5
  Eat: Chunk             |     3 |     5 ||     8
Armor: Skin              |    39 |    28 ||    67
Dodge: Dodged            |    97 |    53 ||   150
